Map: Frozen Temple

Players

CHARLYBitMay - Winner!

  • Race: Zerg Zerg
  • League: Master

RabbiT

  • Race: Protoss Protoss
  • League: Diamond

VOD

Have the link to the VOD?

Description

Time

  • Played on: Aug. 1, 2016, 2:07 a.m.
  • Length: 10:16
Show
View Real Time Build Order
Export as new Build Order

CHARLYBitMay Zerg - Winner!

Build Orders: Pool First 

Get SALT Encoding   

  12  0:18  Spawning Pool  
  11  0:22  Drone  
  11  0:26  Drone  
  13  0:31  Drone  
  14  0:41  Overlord  
  14  1:06  Zergling x6  
  17  1:17  Zergling x2  
  18  1:28  Zergling x2  
  19  1:35  Hatchery  
  18  1:40  Queen  
  18  1:42  Overlord  
  20  1:49  Zergling x2  
  21  2:11  Drone x2  
  23  2:23  Hatchery  
  22  2:33  Drone x2  
  22  2:48  Drone x2  
  20  2:51  Queen  
  20  2:53  Drone  
  23  2:59  Drone  
  23  3:05  Drone  
  25  3:08  Drone  
  25  3:11  Extractor  
  25  3:13  Extractor  
  24  3:22  Drone x2  
  24  3:23  Drone  
  24  3:25  Drone x2  
  29  3:27  Queen  
  29  3:29  Drone  
  29  3:30  Drone  
  33  3:35  Drone  
  33  3:38  Drone  
  33  3:40  Drone  
  36  3:46  Drone  
  38  3:48  Drone  
  38  3:54  Metabolic Boost  
  38  3:58  Drone x2  
  38  4:01  Overlord  
  40  4:09  Queen  
  40  4:17  Overlord  
  42  4:19  Drone  
  42  4:23  Zergling x8  
  47  4:26  Zergling x2  
  47  4:27  Zergling x2  
  49  4:32  Zergling x2  
  49  4:38  Zergling x2  
  51  4:57  Drone x2  
  51  4:58  Drone x4  
  51  4:59  Drone  
  58  5:00  Lair  
  58  5:13  Spore Crawler  
  57  5:17  Spore Crawler  
  57  5:18  Drone  
  57  5:19  Overlord x3  
  57  5:20  Drone  
  58  5:24  Spore Crawler  
  58  5:25  Drone  
  58  5:42  Drone  
  58  5:43  Drone x11  
  69  5:55  Extractor  
  69  5:56  Extractor  
  67  5:58  Spire  
  67  5:59  Drone x2  
  67  6:00  Drone x2  
  67  6:03  Drone x2  
  72  6:06  Drone x3  
  75  6:11  Drone  
  75  6:12  Drone, Extractor x2  
  75  6:16  Drone  
  76  6:19  Drone x5  
  81  6:52  Overlord  
  81  6:53  Overlord x3  
  81  7:00  Overlord  
  81  7:15  Mutalisk x2  
  81  7:16  Mutalisk x10  
  81  7:21  Drone  
  81  7:22  Drone x4  
  110  7:30  Hatchery  
  110  7:31  Drone x3  
  110  7:33  Overlord x3  
  110  7:35  Zerg Flyer Weapons Level 1  
  110  7:36  Mutalisk x3  
  111  8:05  Drone  
  110  8:10  Mutalisk  
  110  8:11  Mutalisk x4  
  120  8:21  Mutalisk x2  
  120  8:23  Extractor  
  120  8:24  Extractor  
  120  8:44  Mutalisk  
  120  8:45  Mutalisk x3  
  128  8:53  Mutalisk  
  130  8:59  Mutalisk  
  132  9:04  Mutalisk  
Show
View Real Time Build Order
Export as new Build Order

RabbiT Protoss 

Build Orders:  

Get SALT Encoding   

  12  0:03  Probe (Chrono Boost)  
  13  0:13  Probe (Chrono Boost)  
  14  0:26  Pylon  
  14  0:27  Probe (Chrono Boost)  
  15  0:45  Probe (Chrono Boost)  
  16  0:55  Probe (Chrono Boost)  
  17  0:57  Pylon  
  17  1:10  Gateway  
  17  1:11  Forge  
  17  1:17  Probe (Chrono Boost)  
  18  1:32  Gateway  
  18  1:35  Probe (Chrono Boost)  
  19  1:41  Gateway  
  19  1:43  Gateway  
  19  1:50  Pylon  
  19  2:01  Photon Cannon  
  18  2:02  Zealot  
  18  2:03  Photon Cannon  
  18  2:07  Pylon  
  20  2:18  Zealot  
  22  2:36  Pylon  
  17  2:55  Probe (Chrono Boost)  
  18  3:04  Nexus  
  18  3:20  Probe (Chrono Boost)  
  19  3:33  Zealot x2  
  23  3:37  Probe (Chrono Boost)  
  23  3:40  Assimilator  
  24  3:42  Assimilator  
  24  3:52  Cybernetics Core  
  24  3:56  Probe (Chrono Boost)  
  25  4:10  Probe (Chrono Boost)  
  27  4:17  Probe (Chrono Boost)  
  27  4:20  Probe (Chrono Boost)  
  28  4:27  Probe (Chrono Boost)  
  28  4:28  Pylon  
  30  4:31  Probe (Chrono Boost)  
  30  4:38  Probe (Chrono Boost)  
  31  4:42  Probe (Chrono Boost)  
  31  4:43  Warp Gate  
  30  4:56  Twilight Council  
  30  4:57  Probe (Chrono Boost)  
  27  5:07  Mothership Core (Chrono Boost)  
  27  5:09  Probe (Chrono Boost), Pylon  
  28  5:21  Probe (Chrono Boost)  
  29  5:23  Resonating Glaives  
  29  5:26  Probe (Chrono Boost), Gateway  
  30  5:33  Probe (Chrono Boost)  
  31  5:36  Probe (Chrono Boost)  
  32  5:45  Probe (Chrono Boost)  
  33  5:53  Gateway  
  33  5:54  Gateway  
  33  5:57  Gateway  
  33  6:01  Probe (Chrono Boost)  
  34  6:06  Gateway  
  34  6:15  Robotics Facility  
  36  6:19  Probe (Chrono Boost)  
  36  6:20  Probe (Chrono Boost)  
  36  6:39  Assimilator x2  
  36  6:43  Probe (Chrono Boost)  
  37  6:59  Probe x2 (Chrono Boost)  
  37  7:00  Adept  
  37  7:01  Adept x6  
  53  7:13  Pylon  
  53  7:17  Probe x2 (Chrono Boost)  
  53  7:22  Adept x2  
  57  7:23  Adept x2  
  57  7:24  Adept  
  57  7:26  Sentry  
  57  7:28  Sentry  
  69  7:34  Probe (Chrono Boost)  
  70  7:43  Probe (Chrono Boost)  
  71  7:44  Probe (Chrono Boost)  
  62  8:03  Stargate  
  62  8:04  Probe (Chrono Boost)  
  62  8:05  Stargate  
  53  8:06  Probe (Chrono Boost)  
  48  8:15  Pylon  
  48  8:18  Stargate  
  46  8:21  Stargate  
  46  8:24  Pylon x2  
  46  8:26  Pylon  
  45  8:39  Stalker x4  
Tags
 
Add a new tag
Caveats
  • Supply blocks, unpowered buildings, or Contaminate may cause inaccurate times.
  • Supply counts are checked every 10 seconds.